 Dungeon Crawl Stone Soup version 0.22-a0-271-gc000056 (webtiles) character file.

70669 varam the Grappler (level 14, -28/137 HPs)
             Began as a Troll Monk on Mar 11, 2018.
             Was the Champion of Okawaru.
             Hit by a large rock thrown by a stone giant (56 damage)
             ... on level 1 of the Orcish Mines.
             The game lasted 01:43:25 (21650 turns).

varam the Grappler (Troll Monk)                    Turns: 21650, Time: 01:43:26

Health: -28/137    AC:  8    Str: 22    XL:     14   Next: 95%
Magic:  24/26      EV: 22    Int:  9    God:    Okawaru [******]
Gold:   2430       SH:  3    Dex: 25    Spells: 11/18 levels left

rFire    + . .     SeeInvis .     - Unarmed
rCold    . . .     Gourm    +   (no shield)
rNeg     + . .     Faith    .   N - +0 robe of Brilliance {rF+ Dex+3}
rPois    .         Spirit   .   x - +1 hat "Yfyirphe Wate" {rElec MP+9 Dex+6}
rElec    +         Reflect  +   E - +1 cloak {+Inv}
rCorr    .         Harm     .   (gloves unavailable)
MR       +....                  (boots unavailable)
Stlth    ++........             P - amulet "Likun" {Reflect Dex+3 Slay+2 SH+3}
HPRegen  0.72/turn              G - +4 ring of evasion
MPRegen  0.20/turn              S - ring of positive energy

@: singing (expiring), studying Shields
A: large, unfitting armour, claws 3, fast metabolism 3, gourmand, regeneration
1, shaggy fur 1, tough skin 2
a: Heroism, Finesse, Renounce Religion, Evoke Invisibility


You were on level 1 of the Orcish Mines.
You worshipped Okawaru.
Okawaru was exalted by your worship.
You were very full.

You visited 4 branches of the dungeon, and saw 22 of its levels.
You also visited: Bailey and Ice Cave.

You collected 2553 gold pieces.
You spent 123 gold pieces at shops.

Inventory:

Missiles
 f - 6 needles of paralysis
 t - 4 silver tomahawks
 y - 8 javelins
 B - 3 javelins of penetration
 L - 24 large rocks (quivered)
 X - 2 javelins of returning
Armour
 x - the +1 hat "Yfyirphe Wate" (worn) {rElec MP+9 Dex+6}
   (Okawaru gifted it to you on level 1 of the Orcish Mines)

   It affects your dexterity (+6).
   It insulates you from electricity.
   It affects your magic capacity (+9).
 E - a +1 cloak of invisibility (worn)
 N - the +0 robe of Brilliance (worn) {rF+ Dex+3}
   (You found it on level 9 of the Dungeon)

   It affects your dexterity (+3).
   It protects you from fire.
 T - +0 ice dragon scales
 U - a +0 large shield
Jewellery
 a - an uncursed ring of poison resistance
 g - an uncursed ring of resist corrosion
 G - a +4 ring of evasion (left claw)
 P - the amulet "Likun" (around neck) {Reflect Dex+3 Slay+2 SH+3}
   (You found it on level 9 of the Dungeon)

   [amulet of reflection]

   It shields you and reflects attacks.
   It affects your dexterity (+3).
   It affects your accuracy and damage with ranged weapons and melee attacks
   (+2).
   It affects your SH (+3).
 S - a ring of positive energy (right claw)
 Y - an uncursed ring of wizardry
 Z - an uncursed ring of see invisible
Wands
 j - a wand of acid (9)
 m - a wand of flame (52)
 r - a wand of iceblast (6)
 D - a wand of paralysis (18)
 Q - a wand of enslavement (55)
 V - a wand of digging (10)
Scrolls
 k - 4 scrolls of noise
 n - 6 scrolls of blinking
 q - 4 scrolls of fear
 u - a scroll of acquirement {unknown}
 v - 3 scrolls of fog
 w - 3 scrolls of magic mapping
 A - 7 scrolls of remove curse
 F - a scroll of brand weapon {unknown}
 H - 9 scrolls of teleportation
 J - a scroll of random uselessness {unknown}
 M - a scroll of summoning {unknown}
Potions
 c - a potion of agility
 d - 4 potions of flight
 e - 3 potions of lignification
 i - a potion of might
 l - 10 potions of curing
 o - a potion of resistance {unknown}
 p - 6 potions of heal wounds
 s - 3 potions of cancellation
 z - a potion of invisibility {unknown}
 I - a potion of magic {unknown}
 O - 2 potions of haste
Books
 C - a manual of Shields
Miscellaneous
 h - a phial of floods
 R - a lamp of fire
Comestibles
 b - 41 rations
 K - 8 chunks of flesh


   Skills:
 - Level 8.8 Fighting
 - Level 8.0 Throwing
 - Level 8.9 Dodging
 - Level 1.0 Stealth
 * Level 12.4 Shields
 + Level 12.8 Unarmed Combat
 + Level 2.9 Spellcasting
 - Level 4.3 Charms
 - Level 6.1 Invocations


You had 11 spell levels left.
You knew the following spells:

 Your Spells              Type           Power        Failure   Level  Hunger
a - Song of Slaying       Chrm           #.......     8%          2    ###....
b - Shroud of Golubria    Chrm/Tloc      #.........   19%         2    ###....
d - Regeneration          Chrm/Necr      #.........   36%         3    ####...


Dungeon Overview and Level Annotations

Branches:
Dungeon (13/15)            Temple (1/1) D:4            Lair (6/6) D:9
 Shoals (0/4) Lair:4       Spider (0/4) Lair:3        Slime (0/5) Lair:5
    Orc (2/2) D:12
    Elf: Orc:2       Vaults: D:13-14

Altars:
Ashenzari
Cheibriados
Dithmenos
Elyvilon
Fedhas
Gozag
Hepliaklqana
Kikubaaqudgha
Makhleb
Nemelex Xobeh
Okawaru
Qazlal
Ru
Sif Muna
Trog
Uskayaw
Vehumet
Wu Jian
Xom
Yredelemnul
Zin
The Shining One
Beogh
Jiyva

Shops:
D:8 ?   D:9 (   D:11 (   Orc:2 =[

Annotations:
D:13 2 runed doors
Lair:4 Kirke


Innate Abilities, Weirdness & Mutations

You are too large for most types of armour.
You have claws for hands.
Your metabolism is lightning-fast.
You like to eat raw meat.
Your natural rate of healing is unusually fast.
You are covered in fur. (AC +1)
You have very tough skin. (AC +2)


Message History

Beogh smites you!
The ogre shouts!
The deep troll completely misses you. The deep troll claws you.
The deep troll misses you.
The orc priest looks encouraged for a moment.
Your song is almost over.
There is a stone staircase leading up, spattered with blood here.
You see here a dagger.
There are monsters nearby!
The orc priest calls down the wrath of Beogh upon you.
Beogh smites you!
* * * LOW HITPOINT WARNING * * *
The deep troll misses you. The deep troll claws you.
* * * LOW HITPOINT WARNING * * *
The deep troll barely misses you.
You climb upwards.
You feel like a meek peon again.
The stone giant shouts!
You hear a shout!
The stone giant throws a large rock.
The large rock hits you!!!
You die...

,,,** **,,,,,,,,,,,***** *,,,*
**,,......,..,,.#,**
,,,,***,,.*.....,.#,..,.,**
,,,,,***,#.,....,..#.,..,,*
,,,,**,**...,...#.#.,...,,*****
,,,,*,,,*....#.....#$.#*,*,,*,**
,,,,,,,,,.............,,,,,,,,,*
*,,,,,,,,.......T..#,,,,,,,,*,**
*,,,,,,,,.......@..#,,,,**,****
**,,,,,,,..C............****
**,***,,..............#*
******,.............##*
**,,,......#.....##,**
***,,,,.......#.#....,,*
**,,,,,,.......*##..##.**
*,,,,,,,..o.#..,,,...***
**,,,,,***,,,,,,,,,,**


You could see a stone giant, a deep troll and an orc.

Vanquished Creatures
  Gastronok (D:8)
  A dire elephant (Lair:6)
  Snorg (Orc:2)
  Erolcha (D:9)
  The ghost of Paulus the Spear-Bearer, a journeyman HOFi of Beogh (Lair:2)
  The ghost of Vesto the Fighter, a journeyman GrFi of Okawaru (D:11)
  Josephine (Orc:2)
  2 ogre magi (Orc:2)
  Fannar (Lair:3)
  2 hydras
  2 ice dragons (IceCv)
  2 catoblepae
  6 two-headed ogres
  A deep troll shaman (Lair:6)
  2 orc high priests (Orc:1)
  3 death yaks (Lair:6)
  Nergalle (Lair:4)
  Sonja (D:10)
  An unseen horror (D:12)
  A deep troll (Orc:2)
  2 orc knights
  2 ugly things
  2 manticores
  3 cyclopes
  6 black mambas
  Maurice (Orc:2)
  16 elephants
  Joseph (D:7)
  8 spiny frogs
  An ice statue (IceCv)
  2 rime drakes (IceCv)
  A kobold demonologist (D:9)
  5 komodo dragons
  An efreet (D:9)
  A troll (shapeshifter) (D:9)
  7 trolls
  4 polar bears
  A jumping spider (Lair:3)
  3 hornets
  6 blink frogs
  4 slime creatures (D:13)
  6 hippogriffs
  3 redbacks (Lair:3)
  2 wyverns
  3 wraiths (Orc:2)
  32 yaks
  4 hogs
  A basilisk (Lair:6)
  11 humans (D:13)
  A hungry ghost (D:10)
  Grum (D:8)
  Edmund (D:5)
  2 wargs (Orc:1)
  10 water moccasins
  2 acid dragons (D:11)
  8 porcupines
  2 black bears
  18 ice beasts
  5 sky beasts
  23 ogres
  29 orc warriors
  2 hornet zombies
  3 phantoms
  18 wolves
  4 boggarts (Lair:4)
  7 crocodiles
  12 centaurs
  2 big kobolds
  14 bullfrogs
  A wyvern zombie (D:10)
  2 wyvern skeletons (D:9)
  2 scorpions
  A water moccasin skeleton (D:10)
  11 killer bees
  10 wights
  A howler monkey (D:9)
  3 jellies
  An electric eel (Lair:4)
  10 crimson imps
  10 orc priests
  8 hounds
  2 bullfrog zombies
  A bullfrog skeleton (D:8)
  2 centaur skeletons
  24 orc wizards
  4 iguanas
  7 hell rats (Lair:6)
  8 worker ants
  A hound zombie (D:9)
  3 hound skeletons
  A worker ant zombie (D:11)
  3 gnolls (D:2)
  13 adders
  2 howler monkey skeletons
  2 shadow imps (D:12)
  4 oozes
  2 adder skeletons (D:9)
  An adder zombie (D:5)
  4 worms
  A dart slug (D:1)
  7 leopard geckos
  75 orcs
  4 ball pythons
  7 bats
  A giant cockroach (D:1)
  17 goblins
  6 hobgoblins
  12 jackals
  9 kobolds
  2 quokkas (D:3)
  4 frilled lizards
  2 gnoll zombies (D:8)
  A leopard gecko zombie (D:6)
  8 rats
  A plant (Lair:5)
636 creatures vanquished.

Vanquished Creatures (collateral kills)
  2 hogs (Lair:5)
2 creatures vanquished.

Vanquished Creatures (others)
  An orc (Bailey)
  A bush (Lair:6)
  2 fungi (Lair:6)
  3 plants
7 creatures vanquished.

Grand Total: 645 creatures vanquished

Notes
Turn   | Place    | Note
-------+----------+-------------------------------------------
     0 | D:1      | varam the Troll Monk began the quest for the Orb.
     0 | D:1      | Reached XP level 1. HP: 22/22 MP: 0/0
   235 | D:1      | Reached XP level 2. HP: 29/29 MP: 1/1
   462 | D:2      | Reached skill level 4 in Unarmed Combat
   513 | D:3      | Reached XP level 3. HP: 36/36 MP: 2/2
   544 | D:2      | Found a stormy altar of Qazlal.
   704 | D:2      | You fall through a shaft!
   748 | D:4      | Found a staircase to the Ecumenical Temple.
   754 | Temple   | Entered the Ecumenical Temple
   755 | Temple   | Reached XP level 4. HP: 42/44 MP: 3/3
   761 | Temple   | Reached skill level 5 in Unarmed Combat
   854 | Temple   | Became a worshipper of Warmaster Okawaru
   854 | Temple   | Reached * piety under Okawaru
   854 | Temple   | Reached ** piety under Okawaru
   874 | D:4      | Reached XP level 5. HP: 19/50 MP: 1/4
  1651 | D:2      | Reached skill level 6 in Unarmed Combat
  2412 | D:3      | Reached XP level 6. HP: 59/59 MP: 5/5
  2557 | D:4      | Found a shadowy altar of Dithmenos.
  2623 | D:4      | Reached skill level 7 in Unarmed Combat
  2868 | D:4      | Reached *** piety under Okawaru
  2868 | D:4      | Reached skill level 1 in Invocations
  2868 | D:4      | Reached XP level 7. HP: 61/66 MP: 6/6
  3135 | D:5      | Entered Level 5 of the Dungeon
  3266 | D:5      | Reached skill level 3 in Fighting
  3316 | D:5      | Reached skill level 3 in Dodging
  3528 | D:5      | Noticed Edmund
  3543 | D:5      | Killed Edmund
  3543 | D:5      | Reached skill level 8 in Unarmed Combat
  3543 | D:5      | Reached skill level 2 in Invocations
  3851 | D:6      | Reached XP level 8. HP: 49/75 MP: 8/8
  4002 | D:6      | You fall through a shaft for 3 floors!
  4107 | D:7      | Reached **** piety under Okawaru
  4112 | D:7      | Reached skill level 3 in Invocations
  4134 | D:7      | Found an opulent altar of Gozag.
  4236 | D:6      | Reached skill level 4 in Fighting
  4236 | D:6      | Reached skill level 4 in Dodging
  4630 | D:6      | Found a glowing silver altar of Zin.
  5139 | D:7      | Reached skill level 1 in Throwing
  5139 | D:7      | Reached skill level 4 in Invocations
  5285 | D:7      | Found an ornate altar of the Wu Jian Council.
  5604 | D:7      | Noticed Joseph
  5623 | D:7      | Killed Joseph
  5623 | D:7      | Reached skill level 5 in Fighting
  5623 | D:7      | Reached skill level 2 in Throwing
  5623 | D:7      | Reached XP level 9. HP: 31/88 MP: 11/11
  5873 | D:7      | Reached skill level 5 in Dodging
  6186 | D:8      | Noticed Grum
  6191 | D:8      | Killed Grum
  6191 | D:8      | Reached ***** piety under Okawaru
  6194 | D:8      | Reached skill level 5 in Invocations
  6198 | D:8      | Reached skill level 3 in Throwing
  6219 | D:8      | Noticed Gastronok
  6311 | D:8      | Got a crystal hunting sling
  6312 | D:8      | Identified the +2 hunting sling "Okkohant" {speed, rC+++ Str+4 Int-2} (You found it on level 8 of the Dungeon)
  6504 | D:8      | Found a basalt altar of Yredelemnul.
  6580 | D:8      | Killed Gastronok
  6580 | D:8      | Received a gift from Okawaru
  6580 | D:8      | Reached skill level 6 in Fighting
  6580 | D:8      | Reached skill level 4 in Throwing
  6580 | D:8      | Reached skill level 6 in Dodging
  6580 | D:8      | Reached skill level 6 in Invocations
  6580 | D:8      | Reached XP level 10. HP: 47/98 MP: 11/13
  6704 | D:8      | Found Joshivao's Magic Scroll Shoppe.
  6722 | D:8      | Bought a scroll of identify for 26 gold pieces
  6722 | D:8      | Bought a scroll of identify for 26 gold pieces
  6723 | D:8      | Bought a scroll of identify for 26 gold pieces
  6723 | D:8      | Bought a scroll of magic mapping for 45 gold pieces
  6960 | D:8      | Found a snail-covered altar of Cheibriados.
  7008 | D:9      | Found a staircase to the Lair.
  7012 | D:9      | Noticed a two-headed ogre
  7019 | D:9      | Killed a two-headed ogre
  7019 | D:9      | Received a gift from Okawaru
  7019 | D:9      | Reached skill level 5 in Throwing
  7026 | D:9      | Got a slimy robe {god gift}
  7042 | D:9      | Identified the +2 robe "Sirayk" {Str+7} (Okawaru gifted it to you on level 9 of the Dungeon)
  7067 | D:9      | Got a warped robe
  7078 | D:9      | Identified the +0 robe of Brilliance {rF+ Dex+3} (You found it on level 9 of the Dungeon)
  7131 | D:9      | Found a white marble altar of Elyvilon.
  7166 | D:9      | Reached skill level 7 in Fighting
  7166 | D:9      | Reached skill level 7 in Dodging
  7240 | D:9      | Noticed a salamander
  7262 | D:9      | Reached skill level 6 in Throwing
  7282 | D:9      | Got a heavily runed emerald amulet
  7341 | D:9      | Reached ****** piety under Okawaru
  7408 | D:9      | Reached XP level 11. HP: 61/109 MP: 14/14
  7553 | D:9      | Found a hazy altar of Hepliaklqana.
  7758 | D:9      | Found a bloodstained altar of Trog.
  8271 | D:9      | Noticed Erolcha
  8310 | D:9      | Killed Erolcha
  8367 | D:9      | Found Lupeono's Antique Weapon Emporium.
  8391 | D:10     | Entered Level 10 of the Dungeon
  8403 | D:10     | Reached skill level 1 in Shields
  8577 | D:10     | Reached skill level 8 in Dodging
  8590 | D:10     | Noticed Sonja
  8606 | D:10     | Killed Sonja
  8606 | D:10     | Received a gift from Okawaru
  8632 | D:10     | Reached skill level 8 in Fighting
  8664 | D:10     | Reached skill level 7 in Throwing
  9230 | D:11     | Reached skill level 2 in Shields
  9259 | D:11     | Found a deep blue altar of Sif Muna.
  9429 | D:11     | Received a gift from Okawaru
  9432 | D:11     | Got a crude long sword {god gift}
  9902 | D:11     | Noticed Vesto's ghost (journeyman GrFi)
  9912 | D:11     | Reached skill level 3 in Shields
  9954 | D:11     | Killed Vesto's ghost
  9954 | D:11     | Received a gift from Okawaru
 10060 | D:11     | Identified the amulet "Likun" {Reflect Dex+3 Slay+2 SH+3} (You found it on level 9 of the Dungeon)
 10270 | D:11     | Reached skill level 9 in Unarmed Combat
 10270 | D:11     | Reached XP level 12. HP: 118/122 MP: 15/15
 10357 | D:11     | Received a gift from Okawaru
 10616 | D:11     | Found Lom Meha's Weapon Shoppe.
 10807 | D:12     | Noticed a six-headed hydra
 10828 | D:12     | Killed a six-headed hydra
 11096 | D:12     | Reached skill level 8 in Throwing
 11194 | D:12     | Reached skill level 4 in Shields
 11399 | D:12     | Found a staircase to the Orcish Mines.
 11448 | D:12     | Found a roughly hewn altar of Beogh.
 11696 | D:12     | Found a white marble altar of Elyvilon.
 11849 | Lair:1   | Entered Level 1 of the Lair of Beasts
 11925 | Lair:1   | Reached skill level 5 in Shields
 12690 | Lair:2   | Reached skill level 10 in Unarmed Combat
 12848 | Lair:2   | Noticed Paulus's ghost (journeyman HOFi)
 12928 | Lair:2   | Killed Paulus's ghost
 12928 | Lair:2   | Reached skill level 6 in Shields
 13485 | Lair:3   | Found a stormy altar of Qazlal.
 13646 | Lair:3   | Noticed Fannar
 13658 | Lair:3   | Killed Fannar
 13658 | Lair:3   | Reached skill level 7 in Shields
 13678 | Lair:3   | Reached XP level 13. HP: 115/130 MP: 16/16
 13826 | Lair:3   | Found a hole to the Spider Nest.
 13837 | Lair:3   | Received a gift from Okawaru
 13941 | Lair:3   | Learned a level 2 spell: Song of Slaying
 13946 | Lair:3   | Learned a level 3 spell: Regeneration
 13949 | Lair:3   | Learned a level 2 spell: Shroud of Golubria
 14135 | Lair:4   | Noticed Nergalle
 14147 | Lair:4   | Killed Nergalle
 14421 | Lair:4   | Reached skill level 1 in Charms
 14501 | Lair:4   | Found a staircase to the Shoals.
 14729 | Lair:4   | Reached skill level 8 in Shields
 15153 | Lair:5   | Reached skill level 11 in Unarmed Combat
 15360 | Lair:5   | Reached skill level 2 in Charms
 15362 | Lair:5   | Received a gift from Okawaru
 15628 | Lair:5   | Found a viscous altar of Jiyva.
 15628 | Lair:5   | Found a staircase to the Slime Pits.
 15741 | Lair:5   | Noticed Kirke
 15768 | Lair:5   | Noticed a sphinx
 16315 | Lair:5   | Reached skill level 9 in Shields
 16709 | Lair:6   | Entered Level 6 of the Lair of Beasts
 16709 | Lair:6   | Found a frozen archway.
 16717 | IceCv    | Entered an ice cave
 16776 | IceCv    | Received a gift from Okawaru
 16914 | IceCv    | Reached skill level 3 in Charms
 17361 | IceCv    | Received a gift from Okawaru
 17545 | Lair:6   | Received a gift from Okawaru
 17551 | Lair:6   | Reached XP level 14. HP: 137/137 MP: 12/17
 17586 | Lair:6   | Received a gift from Okawaru
 17800 | Lair:6   | Reached skill level 10 in Shields
 17950 | Lair:6   | Reached skill level 12 in Unarmed Combat
 18085 | Lair:6   | Reached skill level 4 in Charms
 19201 | D:13     | Reached skill level 1 in Spellcasting
 19395 | D:13     | Found a runed door.
 19399 | D:13     | Found a runed door.
 19686 | Orc:1    | Entered Level 1 of the Orcish Mines
 19712 | Orc:1    | Found a flagged portal.
 19725 | Bailey   | Entered a bailey
 19993 | Bailey   | Received a gift from Okawaru
 20576 | Orc:1    | Reached skill level 11 in Shields
 20695 | Orc:1    | Received a gift from Okawaru
 20731 | Orc:1    | Reached skill level 2 in Spellcasting
 20789 | Orc:1    | Got a faintly humming hat {god gift}
 20811 | Orc:1    | Identified the +1 hat "Yfyirphe Wate" {rElec MP+9 Dex+6} (Okawaru gifted it to you on level 1 of the Orcish Mines)
 21104 | Orc:2    | Entered Level 2 of the Orcish Mines
 21164 | Orc:1    | Noticed a stone giant
 21168 | Orc:2    | Found Biph's Jewellery Emporium.
 21228 | Orc:2    | Noticed Josephine
 21262 | Orc:2    | Killed Josephine
 21266 | Orc:2    | Noticed Maurice
 21269 | Orc:2    | Killed Maurice
 21415 | Orc:2    | Noticed Snorg
 21423 | Orc:2    | Killed Snorg
 21548 | Orc:2    | Found Kiogussu's Armour Boutique.
 21576 | Orc:2    | Reached skill level 12 in Shields
 21650 | Orc:1    | Hit by a large rock thrown by a stone giant

Vault maps used:
D:1:      matt_arrival_diagonals
D:2:      first_ration, grunt_qazlal_sundering
D:4:      old_standard_altar, minmay_temple_entry_statues_pillars
D:5:      minmay_tree_intersection, uniq_edmund
D:6:      kennysheep_mini
D:7:      kennysheep_mini_moat, old_standard_altar, uniq_joseph
D:8:      marbit_many_paths, lemuel_zombie_altar_yredelemnul, serial_shops,
          shop_fountains, uniq_grum, uniq_gastronok
D:9:      hangedman_cross_cluster, lemuel_doored_altar,
          lemuel_coloured_pillars_altar, serial_shops, shop, uniq_erolcha
D:10:     uniq_sonja
D:11:     basic_altar, serial_shops, nicolae_shop_window_shopping
D:12:     minmay_orc_entry_temple_small, blue_anna_alchemist, elyvilon_altar_1
D:13:     grunt_vaults_entry_tiered, eino_tiny_chamber, mikee_hates_you
Temple:   zaba_magenta_temple
Lair:1:   serial_bayou_shore_a, serial_bayou_shore_b, grunt_megastairs_2
Lair:3:   spider_nest_entry_funnel_web, lemuel_centaur_altar, uniq_fannar
Lair:4:   minmay_shoals_entry_beasts, nicolae_quartered_pool_little,
          kilobyte_rumbling_trees, lemuel_fruit_fields, lemuel_fruit_tree,
          uniq_nergalle
Lair:5:   slime_altar_1, pond, uniq_kirke
Lair:6:   grunt_lair_end_beastmaster, portal_ice_cave_entry_pillars_2,
          enter_volcano_4, grunt_megastairs_4
Orc:1:    enter_bailey_3, serial_shops, nicolae_shop_window_shopping
Orc:2:    st_orc_open, serial_shops, shop, uniq_snorg, uniq_maurice,
          uniq_josephine
Bailey:   bailey_polearm_2, bailey
IceCv:    ice_cave_small_dragons

Skill      XL: |  1  2  3  4  5  6  7  8  9 10 11 12 13 14 |
---------------+-------------------------------------------+-----
Unarmed Combat | 4 5 6 7 8 9 10 11 12 | 12.8
Invocations    | 1 2 4 6 |  6.1
Fighting       | 3 5 6 7 8 |  8.8
Dodging        | 3 4 6 7 8 |  8.9
Throwing       | 2 4 6 7 8 |  8.0
Shields        | 3 7 9 12 | 12.4
Charms         | 3 4 |  4.3
Spellcasting   | 2 |  2.9
Stealth        | |  1.0

Action                   |  1- 3 |  4- 6 |  7- 9 | 10-12 | 13-15 || total
-------------------------+-------+-------+-------+-------+-------++-------
Melee: Unarmed           |    77 |   137 |   223 |   752 |   874 ||  2063
       Punch             |     2 |     4 |    10 |    54 |    85 ||   155
Throw: Javelin           |       |       |     7 |    12 |    33 ||    52
       Large rock        |       |       |       |    13 |    38 ||    51
       Tomahawk          |       |       |       |       |    22 ||    22
 Cast: Song of Slaying   |       |       |       |       |     6 ||     6
       Shroud of Golubri |       |       |       |       |     2 ||     2
       Regeneration      |       |       |       |       |     1 ||     1
Invok: Heroism           |       |     2 |     2 |    17 |    15 ||    36
       Finesse           |       |       |       |     2 |     1 ||     3
Evoke: Wand              |       |       |     9 |     1 |     3 ||    13
       Phial of floods   |       |       |       |     1 |     1 ||     2
       Lamp of fire      |       |       |       |       |     1 ||     1
       Box of beasts     |       |       |       |       |     1 ||     1
  Use: Scroll            |       |       |     7 |    12 |     8 ||    27
       Potion            |       |       |     1 |     1 |     4 ||     6
 Stab: Sleeping          |     3 |     5 |     1 |     5 |     2 ||    16
       Paralysed         |       |       |     2 |       |       ||     2
       Distracted        |       |       |       |     2 |     1 ||     3
       Petrifying        |       |       |       |       |     3 ||     3
       Petrified         |       |       |       |       |     2 ||     2
  Eat: Chunk             |    11 |    20 |    33 |    69 |    78 ||   211
Armor: Robe              |    30 |    27 |    33 |    68 |    38 ||   196
       Skin              |       |       |     5 |       |       ||     5
       Ice dragon scales |       |       |       |       |   124 ||   124
Dodge: Dodged            |    47 |    65 |    79 |   614 |   666 ||  1471
Block: Other             |       |       |       |    36 |    99 ||   135
       Reflection        |       |       |       |     3 |     5 ||     8
       Large shield      |       |       |       |       |     8 ||     8

Table legend:
 A = Spawn XP
 B = Non-spawn XP
 C = Spawn XP percentage of total XP
 D = Spawn monster count
 E = Non-spawn monster count
 F = Spawn count percentage of total count
 G = Total turns spent on level
                    A         B        C        D         E        F      G
               +---------+---------+-------+---------+---------+-------+---------
         Total |       0 |  100957 |   0.0 |       0 |     637 |   0.0 | 21650
               +---------+---------+-------+---------+---------+-------+---------
           D:1 |       0 |      39 |   0.0 |       0 |      20 |   0.0 |   871
           D:2 |       0 |     109 |   0.0 |       0 |      26 |   0.0 |   913
           D:3 |       0 |     123 |   0.0 |       0 |      31 |   0.0 |   574
           D:4 |       0 |     562 |   0.0 |       0 |      14 |   0.0 |   672
           D:5 |       0 |     457 |   0.0 |       0 |      11 |   0.0 |   643
           D:6 |       0 |     674 |   0.0 |       0 |      13 |   0.0 |  1014
           D:7 |       0 |    1423 |   0.0 |       0 |      20 |   0.0 |  1208
           D:8 |       0 |    3595 |   0.0 |       0 |      21 |   0.0 |  1005
           D:9 |       0 |    6527 |   0.0 |       0 |      48 |   0.0 |  1601
          D:10 |       0 |    2392 |   0.0 |       0 |      18 |   0.0 |   756
          D:11 |       0 |    7974 |   0.0 |       0 |      54 |   0.0 |  2023
          D:12 |       0 |    5399 |   0.0 |       0 |      52 |   0.0 |   844
          D:13 |       0 |    4543 |   0.0 |       0 |      21 |   0.0 |   512
        Temple |       0 |       6 |   0.0 |       0 |       2 |   0.0 |   105
        Lair:1 |       0 |    2905 |   0.0 |       0 |      14 |   0.0 |   693
        Lair:2 |       0 |    1883 |   0.0 |       0 |       5 |   0.0 |   736
        Lair:3 |       0 |    6008 |   0.0 |       0 |      27 |   0.0 |   934
        Lair:4 |       0 |    6138 |   0.0 |       0 |      26 |   0.0 |  1165
        Lair:5 |       0 |    8447 |   0.0 |       0 |      35 |   0.0 |  1351
        Lair:6 |       0 |   15499 |   0.0 |       0 |      41 |   0.0 |  1394
         Orc:1 |       0 |    5191 |   0.0 |       0 |      51 |   0.0 |   927
         Orc:2 |       0 |   14197 |   0.0 |       0 |      43 |   0.0 |   544
        Bailey |       0 |    1921 |   0.0 |       0 |      25 |   0.0 |   478
         IceCv |       0 |    4945 |   0.0 |       0 |      19 |   0.0 |   687
               +---------+---------+-------+---------+---------+-------+---------
